 Dungeon Crawl Stone Soup version 0.24.0-1-gfbc8707 (webtiles) character file.

Game seed: 7184527577550181768, levelgen mode: deterministic

281022 dforspid the Hoplite (level 20, -2/184 HPs)
             Began as a Minotaur Fighter on Oct 29, 2019.
             Was a High Priest of Okawaru.
             Killed from afar by an Ice Fiend (13 damage)
             ... with a bolt of cold
             ... summoned by a lich
             ... on level 1 of the Depths on Oct 31, 2019.
             The game lasted 02:47:16 (44241 turns).

dforspid the Hoplite (Minotaur Fighter)            Turns: 44241, Time: 02:47:17

Health: -2/184     AC: 32    Str: 23    XL:     20   Next: 7%
Magic:  18/24      EV: 17    Int:  9    God:    Okawaru [*****.]
Gold:   2762       SH: 29    Dex: 15    Spells: 19/19 levels left

rFire    + + .     SeeInvis +   a - +2 broad axe of Rees {venom, rF+ SInv}
rCold    + + .     Gourm    .   R - +1 large shield {rPois}
rNeg     + . .     Faith    .   L - +0 crystal plate armour
rPois    +         Spirit   .   k - +1 hat {MR+}
rElec    +         Reflect  +   U - scarf {rC+ rF+}
rCorr    .         Harm     .   (no gloves)
MR       ++...                  A - +1 pair of boots
Stlth    ..........             J - +2 amulet of reflection
HPRegen  0.40/turn              P - ring of the Empire {rElec rPois EV+2 Int+4}
MPRegen  0.19/turn              B - ring "Ytharphem" {rPois rC+ rN+}

@: heroism, finesse, lightly drained
A: retaliatory headbutt, horns 2, weak 1
}: 1/15 runes: serpentine
a: Heroism, Finesse, Renounce Religion


You were on level 1 of the Depths.
You worshipped Okawaru.
Okawaru was extremely pleased with you.
You were hungry.

You visited 7 branches of the dungeon, and saw 32 of its levels.
You visited the Abyss 1 time.
You also visited: Sewer.

You collected 3869 gold pieces.
You spent 1107 gold pieces at shops.

Inventory:

Hand Weapons
 a - the +2 broad axe of Rees (weapon) {venom, rF+ SInv}
   (Okawaru gifted it to you on level 2 of the Lair of Beasts)

   It poisons the flesh of those it strikes.
   It protects you from fire.
   It lets you see invisible.
 b - a +5 hand crossbow of velocity
Missiles
 E - 2 throwing nets (quivered)
 Y - 572 bolts
Armour
 k - a +1 hat of magic resistance (worn)
 A - a +1 pair of boots (worn)
 L - a +0 crystal plate armour (worn)
 R - a +1 large shield of poison resistance (worn)
 U - a scarf of resistance (worn)
 Z - the +0 storm dragon scales of Joy {rElec rF+ Int+2}
   (You found it on level 1 of the Depths)

   It affects your intelligence (+2).
   It protects you from fire.
   It insulates you from electricity.
Jewellery
 m - an uncursed ring of protection from cold
 B - the ring "Ytharphem" (right hand) {rPois rC+ rN+}
   (You found it on level 7 of the Dungeon)

   [ring of protection from cold]

   It protects you from cold.
   It protects you from poison.
   It protects you from negative energy.
 J - a +2 amulet of reflection (around neck)
 K - a ring of the Octopus King {AC+1 EV+1 Str+1 Int+1 Dex+1 SInv}
   (You bought it in a shop on level 1 of the Snake Pit)

   [ring of see invisible]

   It affects your AC (+1).
   It affects your evasion (+1).
   It affects your strength (+1).
   It affects your intelligence (+1).
   It affects your dexterity (+1).
   It lets you see invisible.
 P - the ring of the Empire (left hand) {rElec rPois EV+2 Int+4}
   (You bought it in a shop on level 3 of the Snake Pit)

   [ring of evasion]

   It affects your evasion (+2).
   It affects your intelligence (+4).
   It insulates you from electricity.
   It protects you from poison.
 W - an uncursed ring of positive energy
Wands
 c - a wand of random effects (23)
 p - a wand of iceblast (28)
 x - a wand of flame (63)
 y - a wand of scattershot (11)
 F - a wand of acid (14)
 H - a wand of polymorph (23)
 S - a wand of disintegration (20)
 V - a wand of digging (5)
Scrolls
 e - 7 scrolls of enchant weapon
 h - 5 scrolls of fear
 i - 5 scrolls of enchant armour
 j - 3 scrolls of identify
 n - 2 scrolls of magic mapping
 q - 12 scrolls of teleportation
 r - 8 scrolls of fog
 z - 18 scrolls of remove curse
 M - 2 scrolls of amnesia
 N - a scroll of brand weapon
 O - a scroll of holy word
Potions
 d - 7 potions of might
 g - 3 potions of resistance
 l - 6 potions of haste
 o - 6 potions of agility
 s - 6 potions of curing
 t - 5 potions of berserk rage
 u - 6 potions of mutation
 v - a potion of ambrosia
 w - 3 potions of invisibility
 C - 6 potions of flight
 D - 2 potions of brilliance
 G - 5 potions of lignification
 Q - 3 potions of magic
Miscellaneous
 T - a lightning rod (4/4)
Comestibles
 f - 37 rations


   Skills:
 + Level 17.3(22.1) Fighting
 - Level 18.0(22.8) Axes
 - Level 10.0(14.8) Crossbows
 + Level 18.1(22.9) Armour
 + Level 13.3(18.1) Dodging
 * Level 22.3(26.7) Shields
 - Level 7.0(6.8) Invocations


You had 19 spell levels left.
You didn't know any spells.
Your spell library contained the following spells:

 Spells                   Type           Power        Failure   Level  Hunger
 Animate Skeleton         Necr           N/A          99%         1    ##.....
 Apportation              Tloc           #.....       99%         1    ##.....
 Confusing Touch          Hex            #.....       99%         1    ##.....
 Corona                   Hex            #......      99%         1    ##.....
 Flame Tongue             Conj/Fire      #....        99%         1    ##.....
 Infusion                 Chrm           #...         99%         1    ##.....
 Shock                    Conj/Air       #...         99%         1    ##.....
 Sting                    Conj/Pois      #...         99%         1    ##.....
 Summon Butterflies       Summ           #.......     99%         1    ##.....
 Summon Small Mammal      Summ           #...         99%         1    ##.....
 Corpse Rot               Necr           N/A          100%        2    ###....
 Ensorcelled Hibernation  Hex/Ice        #.....       100%        2    ###....
 Poisonous Vapours        Pois/Air       #.....       100%        2    ###....
 Shroud of Golubria       Chrm/Tloc      #.....       100%        2    ###....
 Song of Slaying          Chrm           #.......     100%        2    ###....
 Sublimation of Blood     Necr           #.........   100%        2    ###....
 Swiftness                Chrm/Air       #.......     100%        2    ###....
 Throw Flame              Conj/Fire      #.....       100%        2    ###....
 Confuse                  Hex            #.......     100%        3    ####...
 Conjure Flame            Conj/Fire      #.......     100%        3    ####...
 Dazzling Spray           Conj/Hex       #.....       100%        3    ####...
 Gell's Gravitas          Tloc           #.........   100%        3    ####...
 Ignite Poison            Fire/Tmut/Pois #.......     100%        3    ####...
 Inner Flame              Hex/Fire       #.......     100%        3    ####...
 Lesser Beckoning         Tloc           #.........   100%        3    ####...
 Mephitic Cloud           Conj/Pois/Air  #.......     100%        3    ####...
 Regeneration             Chrm/Necr      #.........   100%        3    ####...
 Spectral Weapon          Hex/Chrm       #.......     100%        3    ####...
 Static Discharge         Conj/Air       #.......     100%        3    ####...
 Tukima's Dance           Hex            #.......     100%        3    ####...
 Airstrike                Air            #.........   100%        4    #####..
 Ice Form                 Ice/Tmut       #.......     100%        4    #####..
 Olgreb's Toxic Radiance  Pois           #.......     100%        4    #####..
 Petrify                  Tmut/Erth      #.......     100%        4    #####..
 Sticky Flame             Conj/Fire      #.......     100%        4    #####..
 Throw Icicle             Conj/Ice       #.......     100%        4    #####..
 Agony                    Necr           #.......     100%        5    ######.
 Alistair's Intoxication  Tmut/Pois      #.......     100%        5    ######.
 Aura of Abjuration       Summ           #.........   100%        5    ######.
 Bolt of Draining         Conj/Necr      #.........   100%        5    ######.
 Dispel Undead            Necr           #.......     100%        5    ######.
 Excruciating Wounds      Chrm/Necr      #.........   100%        5    ######.
 Fireball                 Conj/Fire      #.........   100%        5    ######.
 Irradiate                Conj/Tmut      #.........   100%        5    ######.
 Lightning Bolt           Conj/Air       #.........   100%        5    ######.
 Metabolic Englaciation   Hex/Ice        #.........   100%        5    ######.
 Venom Bolt               Conj/Pois      #.........   100%        5    ######.
 Yara's Violent Unravell  Hex/Tmut       #.........   100%        5    ######.
 Bolt of Cold             Conj/Ice       #.........   100%        6    #######
 Freezing Cloud           Conj/Ice/Air   #.........   100%        6    #######
 Hydra Form               Tmut           #.........   100%        6    #######
 Invisibility             Hex            #.......     100%        6    #######
 Ozocubu's Refrigeration  Ice            #.........   100%        6    #######
 Simulacrum               Ice/Necr       #.........   100%        6    #######
 Statue Form              Tmut/Erth      #........    100%        6    #######
 Dragon Form              Tmut           #.........   100%        7    #######


Dungeon Overview and Level Annotations

Branches:
Dungeon (15/15)            Temple (1/1) D:5            Lair (6/6) D:11
 Shoals (0/4) Lair:4        Snake (4/4) Lair:3        Slime (0/5) Lair:5
    Orc (2/2) D:10            Elf (3/3) Orc:2        Vaults (5/5) D:14
 Depths (1/5) D:15          Sewer (visited)
  Crypt: Vaults:2-3

Altars:
Ashenzari
Cheibriados
Dithmenos
Elyvilon
Fedhas
Gozag
Hepliaklqana
Kikubaaqudgha
Makhleb
Nemelex Xobeh
Okawaru
Qazlal
Ru
Sif Muna
Trog
Uskayaw
Vehumet
Wu Jian
Xom
Yredelemnul
Zin
The Shining One
Beogh

Shops:
D:11 :   Orc:1 (   Orc:2 ([[(   Elf:2 *   Elf:3 [   Snake:1 =   Snake:3 =
Snake:4 *[

Portals:
Hell: Depths:1
Pandemonium: Depths:1

Annotations:
D:13 3 runed translucent doors, Ahonude's ghost, journeyman TrMo
D:14 3 runed translucent doors, Jiolyugh's ghost, journeyman GrEE


Innate Abilities, Weirdness & Mutations

You reflexively headbutt those who attack you in melee.
You have a pair of horns on your head.
You are weak. (Str -2)


Message History

You partially resist.
You feel drained.
* * * LOW HITPOINT WARNING * * *
You hit the lich but do no damage. Your headbutt misses the lich.
The lich is heavily damaged.
You slash the Ice Fiend!
The Ice Fiend looks as sick as possible!
The Ice Fiend gestures at you. The bolt of cold hits you! You resist.
* * * LOW HITPOINT WARNING * * *
You hit the lich but do no damage. You headbutt the lich.
The lich is heavily damaged.
Your crystal plate armour prevents you from hitting the Ice Fiend.
You hit the lich but do no damage.
The lich is heavily damaged.
Your crystal plate armour prevents you from hitting the Ice Fiend.
The lich points at you and mumbles some strange words.
You easily resist.
The Ice Fiend gestures at you. The bolt of cold hits you! You resist.
You die...

................###..###....#..#
#.#..................#.†##..#.##
#..............##....#.†..#####
.##..............##.#.......#
...##...............#.##..###
.....##......##....#....###
#..... #..##...##..#......#
##.... ...#.....##########
...... ...#..1@..# .≈....
#.#.L.## ......## ..##..... .
..##... ... .#..# ##. .#..# #
...#.#


You could see an Ice Fiend and a lich.

Vanquished Creatures
  4 deep elf blademasters
  Gastronok (Lair:3)
  2 tentacled starspawn (Abyss:3)
  2 tengu reavers (D:15)
  10 nagarajas
  A ghost moth (shapeshifter) (Elf:3)
  Louise (Snake:2)
  8 deep elf sorcerers (Elf:3)
  3 deep elf elementalists (Elf:3)
  A reaper (Depths:1)
  7 very ugly things
  4 stone giants (Depths:1)
  10 deep elf demonologists
  6 deep elf annihilators (Elf:3)
  Snorg (Lair:4)
  Azrael (Snake:3)
  5 deep elf death magi (Elf:3)
  2 fire dragons (Depths:1)
  A quicksilver dragon zombie (Abyss:2)
  A yaktaur captain (Depths:1)
  2 deep elf high priests
  An ettin (Depths:1)
  3 ogre magi
  An ice dragon (Depths:1)
  9 hydras
  11 naga warriors
  The ghost of enarc13 the Covert, a journeyman OpTm of Wu Jian (D:11)
  3 catoblepae
  3 centaur warriors
  16 anacondas
  33 dancing weapons
  3 death yaks (Lair:6)
  17 two-headed ogres
  6 tengu warriors
  2 deep troll earth magi (Depths:1)
  4 deep troll shamans
  7 shock serpents
  Urug (D:11)
  8 naga sharpshooters
  2 orc high priests
  12 deep elf knights
  8 skeletal warriors
  A sea snake (Snake:2)
  6 deep trolls
  A wizard (Depths:1)
  2 glowing orange brains
  An unseen horror (D:11)
  13 naga ritualists
  2 lindwurms
  15 deep elf archers
  2 harpies (Depths:1)
  10 mana vipers
  A mana viper (shapeshifter) (Elf:3)
  2 orc knights
  An oklob plant (Lair:2)
  2 orc sorcerers
  7 salamanders
  49 deep elf magi
  A manticore (D:12)
  A worldbinder (Abyss:3)
  21 ugly things
  7 cyclopes
  6 elephants (Lair:6)
  A guardian serpent (shapeshifter) (D:15)
  43 black mambas
  3 centaur skeletons
  An orange demon (Depths:1)
  9 guardian serpents
  A water nymph (shapeshifter) (D:15)
  Maurice (D:8)
  3 smoke demons
  27 naga magi
  A gargoyle (D:13)
  2 kobold demonologists
  9 spiny frogs
  6 komodo dragons
  9 yaktaurs (Depths:1)
  3 rime drakes
  6 small abominations
  A freezing wraith (D:14)
  2 ice devils (D:12)
  2 tengu conjurers
  A yaktaur (shapeshifter) (D:15)
  15 trolls
  A meliai (D:15)
  A meliai (shapeshifter) (D:15)
  3 hornets
  9 raiju (Abyss:3)
  13 hippogriffs
  A polar bear (Lair:6)
  14 slime creatures
  36 blink frogs
  A hippogriff (shapeshifter) (D:15)
  A snapping turtle (Lair:4)
  3 air elementals
  3 shadows
  A large abomination (Abyss:3)
  4 water elementals
  2 wraiths
  4 wyverns
  56 yaks
  2 ynoxinuls
  A vampire (D:15)
  4 fire elementals
  3 basilisks
  A yak (shapeshifter) (Depths:1)
  A hog (shapeshifter) (D:15)
  A hungry ghost (D:7)
  2 steam dragons
  2 chaos spawn
  2 insubstantial wisps
  4 vampire mosquitoes (D:15)
  2 wargs (Orc:1)
  An acid dragon (D:13)
  60 nagas
  19 water moccasins
  7 sky beasts
  4 hell hounds (Snake:3)
  15 orc warriors
  6 porcupines
  3 phantoms
  32 ogres
  4 black bears
  An eye of draining (shapeshifter) (Elf:3)
  A necrophage (D:11)
  5 boggarts (Depths:1)
  An eye of draining (D:12)
  4 ice beasts
  6 wolves (Lair:6)
  13 centaurs
  7 crocodiles
  11 big kobolds
  21 bullfrogs
  2 earth elementals
  A gnoll sergeant (D:13)
  3 scorpions
  2 howler monkeys
  9 electric eels
  13 wights
  2 bullfrog zombies
  12 crimson imps
  A quasit (Depths:1)
  4 centaur zombies
  13 orc priests
  3 hounds
  6 jellies
  2 bullfrog skeletons
  6 iguanas
  11 orc wizards
  13 worker ants
  A hound skeleton (D:6)
  A howler monkey zombie (D:7)
  2 worker ant zombies
  5 gnolls (D:13)
  A howler monkey skeleton (D:11)
  21 adders
  7 river rats
  6 shadow imps
  3 white imps (Depths:1)
  2 ufetubi (Depths:1)
  An ooze (D:8)
  3 worms
  A dart slug (D:1)
  7 leopard geckos
  55 orcs
  10 giant cockroaches
  11 goblins
  8 hobgoblins
  8 jackals
  8 quokkas
  17 ball pythons
  10 bats
  9 frilled lizards
  A jackal skeleton (D:6)
  22 kobolds
  A leopard gecko skeleton (D:6)
  30 rats
  4 crawling corpses
  3 fungi
  3 plants
  4 starspawn tentacles (Abyss:3)
1288 creatures vanquished.

Vanquished Creatures (others)
  A deep elf master archer (Elf:3)
  A stone giant (Depths:1)
  A deep elf demonologist (Elf:2)
  A yaktaur captain (Depths:1)
  3 naga sharpshooters
  A naga ritualist (Snake:4)
  3 deep elf archers
  3 yaktaurs (Depths:1)
  A sky beast (D:12)
  A white imp (Abyss:3)
  17 fungi
  13 plants
  4 starspawn tentacles (Abyss:3)
50 creatures vanquished.

Grand Total: 1338 creatures vanquished

Notes
Turn   | Place    | Note
-------+----------+-------------------------------------------
     0 | D:1      | dforspid the Minotaur Fighter began the quest for the Orb.
     0 | D:1      | Reached XP level 1. HP: 19/19 MP: 0/0
    98 | D:1      | Reached XP level 2. HP: 19/27 MP: 1/1
   498 | D:1      | Reached skill level 4 in Shields
   587 | D:1      | Reached XP level 3. HP: 32/33 MP: 2/2
  1014 | D:2      | Reached XP level 4. HP: 40/40 MP: 3/3
  1214 | D:2      | Noticed a bullfrog
  1220 | D:2      | Killed a bullfrog
  1220 | D:2      | Reached XP level 5. HP: 45/47 MP: 4/4
  1405 | D:2      | Found a stormy altar of Qazlal.
  1665 | D:3      | Reached skill level 5 in Axes
  1889 | D:3      | Found a glowing drain.
  1898 | D:3      | Reached skill level 5 in Fighting
  1898 | D:3      | Reached skill level 5 in Shields
  1906 | Sewer    | Entered a sewer
  1966 | Sewer    | Reached XP level 6. HP: 54/56 MP: 5/5
  2774 | D:3      | Reached XP level 7. HP: 49/62 MP: 6/6
  3187 | D:4      | Reached skill level 6 in Shields
  3296 | D:4      | Found a sparkling altar of Nemelex Xobeh.
  3885 | D:5      | Entered Level 5 of the Dungeon
  4051 | D:5      | Reached XP level 8. HP: 65/71 MP: 7/7
  4441 | D:5      | Found a staircase to the Ecumenical Temple.
  4453 | Temple   | Entered the Ecumenical Temple
  4552 | Temple   | Became a worshipper of Warmaster Okawaru
  4859 | D:5      | Reached skill level 7 in Shields
  5445 | D:6      | Reached * piety under Okawaru
  5460 | D:6      | Reached skill level 5 in Armour
  5590 | D:6      | Reached skill level 10 in Axes
  5714 | D:6      | Reached XP level 9. HP: 57/79 MP: 5/8
  5892 | D:6      | Reached skill level 1 in Invocations
  5962 | D:5      | Found a glowing silver altar of Zin.
  6090 | D:7      | Reached skill level 8 in Shields
  6117 | D:7      | Got a steaming tin ring
  6431 | D:7      | Reached ** piety under Okawaru
  6754 | D:7      | Identified the ring "Ytharphem" {rPois rC+ rN+} (You found
                  | it on level 7 of the Dungeon)
  7147 | D:8      | Found a sparkling altar of Nemelex Xobeh.
  7262 | D:8      | Noticed Maurice
  7598 | D:8      | Reached skill level 9 in Shields
  7602 | D:8      | Reached *** piety under Okawaru
  7744 | D:8      | Reached XP level 10. HP: 59/86 MP: 11/11
  7909 | D:8      | Killed Maurice
  8644 | D:9      | Got a heavily runed ring mail
  8655 | D:9      | Identified the cursed +1 ring mail "Zoufet" {Str+2} (You
                  | found it on level 9 of the Dungeon)
  9682 | D:9      | Found an iron altar of Okawaru.
 10125 | D:10     | Entered Level 10 of the Dungeon
 10160 | D:10     | Found a staircase to the Orcish Mines.
 10191 | D:10     | Reached **** piety under Okawaru
 10524 | D:10     | Noticed a two-headed ogre
 10813 | D:10     | Killed a two-headed ogre
 10813 | D:10     | Reached skill level 10 in Shields
 10813 | D:10     | Reached skill level 5 in Invocations
 11152 | D:11     | Found Ovib's Book Boutique.
 11625 | D:12     | Noticed a green ugly thing
 11750 | D:11     | Noticed a two-headed ogre
 11770 | D:11     | Killed a two-headed ogre
 11770 | D:11     | Reached ***** piety under Okawaru
 11770 | D:11     | Reached XP level 11. HP: 64/92 MP: 3/14
 12084 | D:11     | Killed a green ugly thing
 12438 | D:11     | Found a staircase to the Lair.
 12654 | D:12     | Found a glowing golden altar of the Shining One.
 12654 | D:12     | Noticed a six-headed hydra
 13181 | Lair:1   | Entered Level 1 of the Lair of Beasts
 13279 | Lair:1   | Received a gift from Okawaru
 14412 | Lair:2   | Reached skill level 11 in Shields
 14820 | Lair:2   | Reached skill level 1 in Dodging
 14951 | Lair:2   | Noticed a six-headed hydra
 14962 | Lair:2   | Killed a six-headed hydra
 15160 | Lair:2   | Found a shimmering altar of Xom.
 15160 | Lair:2   | Noticed an oklob plant
 15177 | Lair:2   | Killed an oklob plant
 15177 | Lair:2   | Reached skill level 10 in Armour
 15719 | Lair:3   | Noticed a six-headed hydra
 15740 | Lair:2   | Received a gift from Okawaru
 15743 | Lair:2   | Reached XP level 12. HP: 70/101 MP: 15/15
 15744 | Lair:2   | Got a shimmering broad axe {god gift}
 15745 | Lair:2   | Identified the +2 broad axe of Rees {venom, rF+ SInv}
                  | (Okawaru gifted it to you on level 2 of the Lair of Beasts)
 15849 | Lair:3   | Killed a six-headed hydra
 15853 | Lair:3   | Reached skill level 15 in Axes
 16306 | Lair:3   | Noticed Gastronok
 16321 | Lair:3   | Killed Gastronok
 16329 | Lair:3   | Found a staircase to the Snake Pit.
 16639 | Lair:3   | Reached ****** piety under Okawaru
 17165 | Lair:3   | Received a gift from Okawaru
 17171 | Lair:3   | Got a faintly glowing short sword {god gift}
 17172 | Lair:3   | Identified the +7 short sword of the Depths {freeze, rF-
                  | rN+ Int+4 Stlth+} (Okawaru gifted it to you on level 3 of
                  | the Lair of Beasts)
 17484 | Lair:4   | Reached skill level 12 in Shields
 17737 | Lair:4   | Noticed Snorg
 17750 | Lair:4   | Killed Snorg
 17750 | Lair:4   | Received a gift from Okawaru
 17846 | Lair:4   | Found a staircase to the Shoals.
 17917 | Lair:4   | Noticed a six-headed hydra
 17924 | Lair:4   | Killed a six-headed hydra
 17924 | Lair:4   | Reached skill level 5 in Dodging
 18017 | Lair:5   | Found a staircase to the Slime Pits.
 18075 | Lair:5   | Reached XP level 13. HP: 105/111 MP: 17/17
 18903 | Lair:6   | Entered Level 6 of the Lair of Beasts
 18956 | Lair:6   | Reached skill level 10 in Fighting
 19157 | Lair:6   | Received a gift from Okawaru
 19223 | Lair:6   | Reached skill level 13 in Shields
 19255 | Lair:6   | Received a gift from Okawaru
 19773 | Lair:6   | Received a gift from Okawaru
 19863 | Lair:6   | Reached XP level 14. HP: 98/124 MP: 18/18
 20943 | Orc:1    | Entered Level 1 of the Orcish Mines
 20961 | Orc:1    | You fall into a shaft and drop 1 floor!
 20961 | Orc:2    | Entered Level 2 of the Orcish Mines
 20971 | Orc:2    | Found Net Hizal's Weapon Shoppe.
 20996 | Orc:2    | Reached skill level 14 in Shields
 21069 | Orc:2    | Received a gift from Okawaru
 21142 | Orc:2    | Found Wyblosau's Antique Armour Shop.
 21146 | Orc:2    | Found a staircase to the Elven Halls.
 21149 | Orc:2    | Found Elliasu's Antique Weapon Shoppe.
 21184 | Orc:2    | Found Haheuc's Antique Armour Emporium.
 21667 | Orc:1    | Reached skill level 15 in Shields
 21677 | Orc:1    | Found a roughly hewn altar of Beogh.
 21810 | Orc:1    | Found a roughly hewn altar of Beogh.
 22026 | Orc:1    | Found Lol Zeku's Antique Weapon Shoppe.
 22358 | D:11     | Noticed Urug
 22370 | D:11     | Killed Urug
 22425 | D:11     | Found a runed translucent gate.
 22425 | D:11     | Found a runed translucent gate.
 22426 | D:11     | Found a runed translucent gate.
 22429 | D:11     | Noticed enarc13's ghost (journeyman OpTm)
 22481 | D:11     | Killed enarc13's ghost
 23005 | D:12     | Received a gift from Okawaru
 23028 | D:12     | Reached XP level 15. HP: 92/134 MP: 12/19
 23749 | D:13     | Found a runed translucent gate.
 23751 | D:13     | Found a runed translucent gate.
 23754 | D:13     | Found a runed translucent gate.
 23759 | D:13     | Noticed Ahonude's ghost (journeyman TrMo)
 24343 | D:13     | Found an iron altar of Okawaru.
 24474 | Snake:1  | Entered Level 1 of the Snake Pit
 24484 | Snake:1  | Received a gift from Okawaru
 25152 | Elf:1    | Entered Level 1 of the Elven Halls
 25174 | Elf:1    | Reached skill level 16 in Shields
 26588 | Elf:1    | Identified the Catalogue of Supportive Attacks
 26681 | Elf:1    | Received a gift from Okawaru
 27329 | D:14     | Found a gate to the Vaults.
 27423 | D:14     | Noticed Jiolyugh's ghost (journeyman GrEE)
 27612 | D:14     | Found a runed translucent gate.
 27612 | D:14     | Found a runed translucent gate.
 27612 | D:14     | Found a runed translucent gate.
 28212 | D:15     | Entered Level 15 of the Dungeon
 28346 | D:15     | Reached XP level 16. HP: 144/144 MP: 12/20
 28350 | D:15     | Received a gift from Okawaru
 28351 | D:15     | Reached skill level 17 in Shields
 29098 | D:15     | Found a staircase to the Depths.
 29107 | Depths:1 | Entered Level 1 of the Depths
 29649 | D:15     | Reached skill level 15 in Armour
 29871 | Depths:1 | Received a gift from Okawaru
 29935 | Depths:1 | Noticed a tengu reaver
 30032 | D:15     | Killed a tengu reaver
 30032 | D:15     | Reached skill level 18 in Shields
 30393 | Depths:1 | Got a translucent plate armour
 30396 | Depths:1 | Identified the +4 plate armour of Agoraphobia {-Tele rC+
                  | MR+ Str+2} (You found it on level 1 of the Depths)
 30398 | Depths:1 | Got ancient storm dragon scales
 30399 | Depths:1 | Identified the cursed +0 storm dragon scales of Joy {rElec
                  | rF+ Int+2} (You found it on level 1 of the Depths)
 31456 | Snake:1  | Found Lottyxt's Jewellery Shoppe.
 31461 | Snake:1  | Bought a +2 amulet of reflection for 82 gold pieces
 31461 | Snake:1  | Bought a ring of the Octopus King {AC+1 EV+1 Str+1 Int+1
                  | Dex+1 SInv} for 403 gold pieces
 31461 | Snake:1  | Found the ring of the Octopus King {AC+1 EV+1 Str+1 Int+1
                  | Dex+1 SInv}
 32329 | Snake:2  | Reached skill level 1 in Crossbows
 32764 | Snake:2  | Identified the cursed +0 large shield of Bedevilment
                  | {Dex+2}
 32764 | Snake:2  | Noticed Louise
 32782 | Snake:2  | Killed Louise
 32878 | Snake:2  | Received a gift from Okawaru
 32886 | Snake:2  | Found a runed translucent gate.
 32886 | Snake:2  | Found a runed translucent gate.
 32886 | Snake:2  | Found a runed translucent gate.
 32901 | Snake:2  | Reached XP level 17. HP: 128/154 MP: 19/21
 32911 | Snake:2  | Received a gift from Okawaru
 33648 | Snake:3  | Reached skill level 10 in Dodging
 33649 | Snake:3  | Reached skill level 19 in Shields
 34229 | Snake:3  | Reached skill level 15 in Fighting
 34308 | Snake:3  | Received a gift from Okawaru
 34908 | Snake:3  | Found Terommim's Jewellery Emporium.
 34913 | Snake:3  | Bought the ring of the Empire {rElec rPois EV+2 Int+4} for
                  | 622 gold pieces
 35134 | Snake:3  | Noticed Azrael
 35158 | Snake:3  | Killed Azrael
 35363 | Snake:3  | Received a gift from Okawaru
 35364 | Snake:3  | Got shimmering pearl dragon scales {god gift}
 35375 | Snake:3  | Identified the +1 pearl dragon scales "Isunargh" {rElec rN+
                  | SInv} (Okawaru gifted it to you on level 3 of the Snake
                  | Pit)
 35563 | Snake:4  | Entered Level 4 of the Snake Pit
 36201 | Snake:4  | Reached skill level 5 in Crossbows
 36415 | Snake:4  | Found Axisuxtaish's Antique Armour Shop.
 36415 | Snake:4  | Found Zevvu's Assorted Antiques.
 36922 | Snake:4  | Reached skill level 20 in Shields
 36932 | Snake:4  | Reached XP level 18. HP: 132/165 MP: 18/22
 36944 | Snake:4  | HP: 4/166 [nagaraja/+0 halberd (13)]
 36949 | Snake:4  | HP: 7/166 [naga mage/+0 spear (2)]
 37408 | Snake:4  | Received a gift from Okawaru
 38033 | Snake:4  | Got a serpentine rune of Zot
 38445 | Elf:2    | Got a crude shield
 38446 | Elf:2    | Identified the +4 shield of Limited Liability {*Drain rF+
                  | rN+ Int+4} (You found it on level 2 of the Elven Halls)
 38502 | Elf:2    | Received a gift from Okawaru
 38651 | Elf:2    | Got a heavily runed emerald amulet
 38652 | Elf:2    | Identified the amulet "Woizieph" {Gourm Dex+5} (You found
                  | it on level 2 of the Elven Halls)
 38706 | Elf:2    | Found Qapirrao's General Store.
 39005 | Elf:2    | Received a gift from Okawaru
 39042 | Elf:2    | Found a runed translucent gate.
 39042 | Elf:2    | Found a runed translucent gate.
 39096 | Elf:2    | Found a runed translucent gate.
 39268 | Elf:2    | Received a gift from Okawaru
 39521 | Elf:2    | Reached skill level 21 in Shields
 39709 | Elf:3    | Entered Level 3 of the Elven Halls
 39860 | Elf:3    | Noticed an Ice Fiend
 39867 | Elf:3    | Gained mutation: You are weak. (Str -2) [a cacodemon]
 39873 | Elf:3    | Received a gift from Okawaru
 39885 | Elf:3    | Reached XP level 19. HP: 80/174 MP: 18/23
 40770 | Elf:3    | Received a gift from Okawaru
 41012 | Elf:3    | Found Wesal's Antique Armour Shoppe.
 41472 | Elf:3    | Received a gift from Okawaru
 41505 | Elf:3    | Found an ancient bone altar of Kikubaaqudgha.
 41757 | Elf:3    | Identified the +1 quarterstaff "Zonoz" {freeze, *Slow
                  | Int+6}
 41757 | Elf:3    | Identified the ring of Boet {-Tele rF+ rC+ Str+5 SInv}
 42018 | Elf:3    | Noticed a Tzitzimitl
 42278 | Elf:3    | Noticed a Brimstone Fiend
 42301 | Elf:3    | Cast into level 2 of the Abyss (a deep elf sorcerer)
 42493 | Abyss:3  | Received a gift from Okawaru
 42494 | Abyss:3  | Got a crude war axe {god gift}
 42508 | Abyss:3  | Identified the +5 war axe of Epnenk {pain, rF+ rC+ rN+}
                  | (Okawaru gifted it to you on level 3 of the Abyss)
 42757 | Elf:3    | Escaped the Abyss
 42790 | Elf:3    | Reached skill level 22 in Shields
 43656 | Depths:1 | Found a gateway to Hell.
 43683 | Depths:1 | Received a gift from Okawaru
 43798 | Depths:1 | Received a gift from Okawaru
 43837 | Depths:1 | Reached XP level 20. HP: 159/184 MP: 22/24
 44048 | Depths:1 | Found a one-way gate leading to the halls of Pandemonium.
 44182 | Depths:1 | Reached skill level 10 in Crossbows
 44241 | Depths:1 | Killed from afar by an Ice Fiend

Levels and vault maps discovered:
D:1:      psy_arrival_statuary, layout_loops_ring, minmay_split_cup_large
D:2:      layout_loops_ring, serial_bayou, serial_bayou_crossing,
          serial_bayou_pond_e, serial_bayou_pond_e, serial_bayou_pond_c,
          serial_bayou_shore_a, serial_bayou_pond_d, grunt_qazlal_clouds
D:3:      layout_rooms, first_ration, portal_sewer_entry_b
D:4:      layout_loops_corners, nemelex_xobeh_ov_fountains_minmay
D:5:      lemuel_upstairs_altar, layout_basic, minmay_temple_entry_wispy,
          minmay_divided_ellipse
D:6:      layout_rooms
D:7:      layout_loops_corners, grunt_ogre_cave, hex_medium, minmay_misc_feat_x
D:8:      layout_rooms, nemelex_dance_club_becter, uniq_maurice
D:9:      layout_basic, okawaru_trees_1
D:10:     layout_rooms, orc_0_dummy
D:11:     layout_basic, lair_entry_dummy, gammafunk_ghost_nasty_kobolds,
          serial_shops, shop, uniq_urug
D:12:     layout_irregular_city, portal_ice_cave_demonic_guard, basic_altar,
          hangedman_misty_isle
D:13:     layout_small_grid, gammafunk_ghost_fury_of_okawaru
D:14:     layout_layer_cave, erik_vaults_1, maelrawn_ghost_gauntlet_escape
D:15:     gammafunk_enter_depths_forms, layout_basic, minmay_crystal_water,
          st_stairs_8
Temple:   kilobyte_greek_temple
Lair:1:   layout_cave_shapes, minivault_11
Lair:2:   layout_cave_pods, lemuel_oklob_altar
Lair:3:   layout_hall_layers, minmay_snake_entry_spellcaster, uniq_gastronok
Lair:4:   layout_long_grid, minmay_shoals_entry_hut,
          infiniplex_staircase_pool_2, uniq_snorg
Lair:5:   layout_roguey, minmay_slime_entry_pillars
Lair:6:   grunt_lair_end_beastmaster, layout_cave_pods
Snake:1:  layout_grid_maze, serial_shops, nicolae_shop_trees
Snake:2:  layout_chambers, nicolae_snake_horde_hoard, uniq_louise
Snake:3:  layout_onion_interference, special_room, st_stairs_5,
          minmay_shop_enchanted_jewellery, grunt_ministairs_15,
          nicolae_snake_single_loop, uniq_azrael
Snake:4:  johnstein_snake_rune_scales, layout_gridlike, lemuel_fruit_tree,
          minmay_shoptagon
Orc:1:    layout_caves, serial_shops, shop_fountains, basic_altar, mines2_david
Orc:2:    st_orc_open, layout_caves
Elf:1:    eino_elf_arrival_sip, layout_onion_city, minmay_elf_sorcery
Elf:2:    layout_geoelf_octagon, serial_shops, shop
Elf:3:    minmay_elf_hall_four_x, layout_onion_city, serial_shops,
          nicolae_shop_crystal, nicolae_elf_big_sculpture_1,
          minmay_misc_feat_five, lemuel_statue_altar
Depths:1: layout_cave_pools, grunt_pan_entry_sceptre, serial_sigils,
          serial_sigils_hangedman_quiver, serial_sigils_hangedman_writhe,
          serial_sigils_hangedman_confine, serial_sigils_hangedman_gut,
          serial_sigils_hangedman_gnaw, hell_entry, hangedman_aviary

Skill      XL: |  1  2  3  4  5  6  7  8  9 10 11 12 13 14 15 16 17 18 19 20 |
---------------+-------------------------------------------------------------+-----
Axes           | 3 4 5 6 8 10 11 13 14 16 17 18 | 18.0
Shields        | 4 5 6 7 9 10 11 12 13 15 16 18 20 21 22 | 22.3
Fighting       | 4 5 6 7 9 11 12 13 14 15 16 17 | 17.3
Armour         | 5 7 8 10 11 12 13 14 15 16 17 18 | 18.1
Invocations    | 3 5 6 7 |  7.0
Dodging        | 2 5 8 9 11 12 13 | 13.3
Crossbows      | 2 5 8 9 10 | 10.0

Action                   |  1- 3 |  4- 6 |  7- 9 | 10-12 | 13-15 | 16-18 | 19-21 || total
-------------------------+-------+-------+-------+-------+-------+-------+-------++-------
Melee: War axe           |   112 |   155 |   403 |   255 |       |       |     6 ||   931
       Headbutt          |     8 |    24 |    74 |   164 |   291 |   339 |   180 ||  1080
       Hand axe          |       |       |    14 |   255 |       |       |       ||   269
       Flail             |       |       |       |    36 |    49 |       |       ||    85
       Broad axe         |       |       |       |   207 |  1139 |  1345 |   698 ||  3389
 Fire: Hand crossbow     |       |       |       |       |       |    30 |    20 ||    50
Throw: Throwing net      |       |       |       |       |     1 |       |       ||     1
Invok: Heroism           |       |       |     1 |     9 |    20 |    32 |    15 ||    77
       Finesse           |       |       |       |     3 |    11 |    10 |     3 ||    27
  Use: Scroll            |       |     8 |     6 |    17 |     5 |    14 |     3 ||    53
       Potion            |       |     2 |     2 |     5 |     1 |    11 |       ||    21
 Stab: Petrified         |       |       |       |       |     6 |       |       ||     6
  Eat: Chunk             |     1 |     5 |    14 |    16 |    24 |    23 |     5 ||    88
       Ration            |       |       |     1 |     5 |     3 |     7 |     2 ||    18
Armor: Scale mail        |    56 |    94 |    41 |       |       |       |       ||   191
       Chain mail        |       |       |    21 |       |       |       |       ||    21
       Plate armour      |       |       |    51 |   172 |       |       |       ||   223
       Crystal plate arm |       |       |       |   246 |   329 |   302 |   127 ||  1004
       Storm dragon scal |       |       |       |       |       |    60 |       ||    60
Dodge: Dodged            |    31 |    76 |    77 |   120 |   272 |   351 |   128 ||  1055
Block: Shield            |    70 |   107 |   178 |   360 |   176 |       |       ||   891
       Large shield      |       |       |       |       |   683 |  1628 |   652 ||  2963
       Reflection        |       |       |       |       |       |   167 |    56 ||   223
